 Dungeon Crawl Stone Soup version 0.32-a0-43-g058985b245 (webtiles) character file.

Game seed: 2130342584340154229

128 Ceno the Sneak (level 4, -2/24 HPs)
             Began as a Vampire Enchanter on Feb 4, 2024.
             Was a Believer of Uskayaw.
             Slain by an orc
             ... wielding a +0 flail
              (7 damage)
             ... on level 4 of the Dungeon.
             The game lasted 00:09:52 (2935 turns).

Ceno the Sneak (Vampire Enchanter)                  Turns: 2935, Time: 00:09:53

Health: -2/24      AC:  3    Str:  7    XL:     4   Next: 86%
Magic:  2/8        EV: 12    Int: 19    God:    Uskayaw [**....]
Gold:   157        SH:  0    Dex: 14    Spells: 1/9 levels left

rFire   . . .        a - +0 dagger (venom)
rCold   + + .        (no shield)
rNeg    + + +        n - +0 robe
rPois   ∞            (no helmet)
rElec   .            (no cloak)
rCorr   .            (no gloves)
SInv    +            k - +0 pair of boots
Will    .....        (no amulet)
Stlth   +++++        (no ring)
HPRegen 0.00/turn    (no ring)
MPRegen 0.11/turn

%: no passive effects
@: bloodless, inhibited regen
A: bloodless, fangs 3, see invisible, vampiric 2
a: Bat Form, Revivify, Renounce Religion, Stomp, Line Pass


You were on level 4 of the Dungeon.
You worshipped Uskayaw.
Uskayaw was noncommittal.
You visited 1 branch of the dungeon, and saw 4 of its levels.

You collected 157 gold pieces.

Inventory:

Hand Weapons
 a - a +0 dagger of venom (weapon)
 b - a +0 rapier
Missiles
 e - 16 poisoned darts
 g - 25 stones (quivered)
Armour
 k - a +0 pair of boots (worn)
 n - a +0 robe (worn)
 s - a +0 ring mail
Jewellery
 d - a ring of poison resistance
Scrolls
 f - a scroll of blinking {unknown}
 l - a scroll of fear {unknown}
 o - a scroll of poison
 q - a scroll of teleportation {unknown}
Potions
 c - 2 potions of invisibility
 h - a potion of curing {unknown}
 i - 2 potions of haste
 j - a potion of might {unknown}
 p - 3 potions of heal wounds
 r - a potion of brilliance {unknown}
 t - a potion of attraction {unknown}


   Skills:
 - Level 1.1 Short Blades
 - Level 2.1 Dodging
 + Level 6.2 Stealth
 + Level 3.1 Spellcasting
 + Level 5.9 Hexes


You had one spell level left.
You knew the following spells:

 Your Spells              Type           Power      Damage    Failure   Level
a - Ensorcelled Hibernat  Hex/Ice        28%        N/A       7%          2
b - Confusing Touch       Hex            25%        N/A       4%          3
c - Tukima's Dance        Hex            25%        N/A       4%          3

Your spell library contained the following spells:

 Spells                   Type           Power      Damage    Failure   Level
 Dazzling Flash           Conj/Hex       28%        N/A       14%         3
 Fugue of the Fallen      Necr           2%         N/A       41%         3
 Ozocubu's Armour         Ice            2%         N/A       41%         3
 Manifold Assault         Tloc           2%         N/A       83%         4


Dungeon Overview and Level Annotations

Branches:
Dungeon (4/15)
 Temple: D:4-7

Altars:
Uskayaw

Annotations:
D:3 3 runed translucent doors, ranchalot's ghost, amateur NaSh


Innate Abilities, Weirdness & Mutations

You do not regenerate when monsters are visible.
You are frail without blood (-20% HP).
You can heal yourself when you bite living creatures.
You are immune to poison.
You have razor-sharp teeth.
You have supernaturally acute eyesight. (SInv)
You are afflicted with vampirism and can become a bat while bloodless.


Message History

A jelly comes into view.
There is a stone staircase leading up here.
You climb upwards.
Level annotation: 3 runed translucent doors, ranchalot's ghost, amateur NaSh
There is a stone staircase leading down here.
There is an open door here.
There is a stone staircase leading down here.
You climb downwards.
There is a stone staircase leading up here.
The helpless orc wizard fails to defend itself.
You bite the orc wizard, and draw its blood!
You impale the orc wizard!!
You kill the orc wizard!
The orc shouts! x3
The orc attacks as it pursues you! The orc hits you but does no damage.
The orc misses you. The orc attacks as it pursues you!
The orc closely misses you.
There is a stone staircase leading up here.
Casting: Confusing Touch (quite dangerous; 4% risk of failure)
Confirm with . or Enter, or press ? or * to list all spells.
Your hands begin to glow red.
The orc hits you with a +0 flail. The orc hits you with a +0 mace.
You barely miss the orc. You bite the orc.
You draw the orc's blood!
You feel better.
The orc is severely wounded.
The orc hits you with a +0 flail.
You can now pass through a line of other dancers.
You hit the orc but do no damage.
The orc appears confused.
The orc is severely wounded.
The orc hits you with a +0 flail.
You closely miss the orc. The orc closely misses you. x2
Casting: Confusing Touch (quite dangerous; 4% risk of failure)
Confirm with . or Enter, or press ? or * to list all spells.
Your hands begin to glow red.
The orc hits you with a +0 flail.
* * * LOW HITPOINT WARNING * * *
The orc hits you with a +0 dagger.
* * * LOW HITPOINT WARNING * * *
You hit the orc but do no damage.
The orc appears confused.
The orc hits you with a +0 flail!
You die...

.........#
........#
#......#
##......#
.###.......#
.......)...#
..##......#
###oo###
#o.@## #...#
#...# #...#
...## .###
.# #.


You could see 3 orcs.

Vanquished Creatures
  An orc priest (D:3)
  An orc wizard (D:4)
  An adder (D:3)
  3 dart slugs
  A ribbon worm (D:2)
  5 orcs (D:3)
  5 bats
  6 endoplasms
  3 giant cockroaches
  2 goblins
  3 hobgoblins
  5 ball pythons
  6 frilled lizards
  3 kobolds (D:2)
  10 rats
55 creatures vanquished.

Notes
Turn   | Place    | Note
-------+----------+-------------------------------------------
     0 | D:1      | Ceno the Vampire Enchanter began the quest for the Orb.
     0 | D:1      | Reached XP level 1. HP: 13/13 MP: 3/3
   197 | D:1      | Reached XP level 2. HP: 12/19 MP: 5/5
   200 | D:1      | Learned a level 2 spell: Ensorcelled Hibernation
   601 | D:2      | Reached skill level 5 in Stealth
   630 | D:2      | Reached skill level 5 in Hexes
   714 | D:2      | Gained mutation: You are afflicted with vampirism and can
                  | become a bat while bloodless. [Vampire growth]
   714 | D:2      | Reached XP level 3. HP: 19/19 MP: 1/6
   718 | D:2      | Learned a level 3 spell: Confusing Touch
  1201 | D:2      | Found a faded altar of an unknown god.
  1806 | D:3      | Found a hide-covered altar of Uskayaw.
  1842 | D:3      | Became a worshipper of Uskayaw the Reveller
  1926 | D:3      | Reached * piety under Uskayaw
  2035 | D:3      | Reached ** piety under Uskayaw
  2170 | D:3      | Reached XP level 4. HP: 24/24 MP: 8/8
  2275 | D:3      | Found a runed translucent gate.
  2275 | D:3      | Found a runed translucent gate.
  2275 | D:3      | Found a runed translucent gate.
  2278 | D:3      | Noticed ranchalot's ghost (amateur NaSh)
  2286 | D:3      | Identified the +6 chain mail of Stoicism {rElec rF- rN+}
  2411 | D:3      | Reached skill level 6 in Stealth
  2415 | D:3      | Learned a level 3 spell: Tukima's Dance
  2935 | D:4      | Slain by an orc

Illustrated notes

Levels and vault maps discovered:
D:1:      dpeg_arrival_line_fractal, layout_loops_ring
D:2:      layout_loops_ring, shapermc_ecumenical_altar_totnotflames,
          grunt_decor_clamped, kennysheep_cluttered_room
D:3:      layout_basic, amcnicky_altar_gilded, biasface_ghost_orc_armoury,
          minmay_misc_feat_tower
D:4:      cheibrodos_greedy_goblins, layout_rooms, mainiacjoe_overflow_alcove_1,
          fountainhead

Skill      XL: |  1  2  3  4 |
---------------+-------------+-----
Stealth        | 5 6 |  6.2
Hexes          | 5 |  5.9
Spellcasting   | 3 |  3.1
Short Blades   | |  1.1
Dodging        | |  2.1

Action                     |  1- 3 |  4- 6 || total
---------------------------+-------+-------++-------
  Melee: Dagger            |   109 |    24 ||   133
         Bite              |     7 |     2 ||     9
         Punch             |       |     2 ||     2
  Throw: Stone             |     3 |       ||     3
   Cast: Ensorcelled Hiber |     7 |       ||     7
         Confusing Touch   |     9 |     3 ||    12
Ability: Exsanguinate      |     1 |       ||     1
    Use: Scroll            |       |     3 ||     3
   Stab: Sleeping          |    24 |     4 ||    28
         Confused          |     4 |     1 ||     5
 Armour: Robe              |    34 |    11 ||    45
  Dodge: Dodged            |    38 |    11 ||    49

Table legend: (Time is in decaauts)
 A = Elapsed time spent in this place.
 B = Non-inter-level travel time spent in this place.
 C = Inter-level travel time spent in this place.
 D = Time resting spent in this place.
 E = Time spent auto-exploring this place.
 F = Levels seen in this place.
 G = Mean time per level.
                   A        B        C        D        E       F      G
               +--------+--------+--------+--------+--------+-----+--------+
         Total |   2927 |   2754 |    173 |    179 |   1540 |   4 |  731.8 |
       Dungeon |   2927 |   2754 |    173 |    179 |   1540 |   4 |  731.8 |
               +--------+--------+--------+--------+--------+-----+--------+

Top non-repeatable levels by time:
     D:2: 1169 daAuts
     D:3: 1132 daAuts
     D:1: 596 daAuts
     D:4: 30 daAuts
